 Dungeon Crawl Stone Soup version 0.23.2-1-ga50397a6bc (webtiles) character file.

Game seed: 2545957290462474835

424 Freyura the Chopper (level 6, -3/48 HPs)
             Began as a Demonspawn Gladiator on May 26, 2019.
             Slain by a smoke demon (4 damage)
             ... on level 1 of the Abyss.
             The game lasted 00:11:25 (3698 turns).

Freyura the Chopper (Demonspawn Gladiator)          Turns: 3698, Time: 00:11:26

Health: -3/48      AC: 13    Str: 14    XL:     6   Next: 64%
Magic:  6/6        EV: 11    Int: 10    God:
Gold:   282        SH:  0    Dex: 16    Spells: 5/5 levels left

rFire    + . .     SeeInvis .   a - +1 war axe
rCold    . . .     Gourm    .   (no shield)
rNeg     . . .     Faith    .   q - +0 scale mail
rPois    .         Spirit   .   c - +0 helmet
rElec    .         Reflect  .   r - +1 cloak
rCorr    .         Harm     .   (no gloves)
MR       .....                  b - +1 pair of boots
Stlth    ..........             (no amulet)
HPRegen  0.16/turn              (no ring)
MPRegen  0.10/turn              k - ring of protection from fire

@: no status effects
A: hooves 1, rugged brown scales 2
a: no special abilities


You were on level 1 of the Abyss.
You were hungry.

You visited 1 branch of the dungeon, and saw 5 of its levels.
You visited the Abyss 1 time.

You collected 282 gold pieces.

Inventory:

Hand Weapons
 a - a +1 war axe (weapon)
Missiles
 d - 3 throwing nets (quivered)
Armour
 b - a +1 pair of boots (worn)
 c - a +0 helmet (worn)
 l - a +1 cloak
 q - a +0 scale mail (worn)
 r - a +1 cloak (worn)
Jewellery
 k - a ring of protection from fire (right hand)
Scrolls
 g - 2 scrolls of identify
 m - 2 scrolls of teleportation
 s - 2 scrolls of amnesia {unknown}
 t - a scroll of enchant weapon
 u - a scroll of magic mapping {unknown}
Potions
 e - a potion of berserk rage {unknown}
 h - a potion of flight {unknown}
 i - a potion of brilliance {unknown}
 j - a potion of agility
 n - a potion of heal wounds {unknown}
 o - 2 potions of curing
 p - a potion of might {unknown}
Comestibles
 f - 9 rations


   Skills:
 + Level 2.5 Fighting
 * Level 6.0 Axes
 - Level 1.7 Throwing
 + Level 1.7 Armour
 + Level 3.3 Dodging


You had 5 spell levels left.
You didn't know any spells.
Your spell library was empty.

Dungeon Overview and Level Annotations

Branches:
Dungeon (5/15)
 Temple: D:4-7

Altars:
Xom


Innate Abilities, Weirdness & Mutations

You have large cloven feet.
You are mostly covered in rugged brown scales. (AC +2, +5% HP)


Message History

The smoke demon hits you but does no damage. x2
The smoke demon barely misses you.
The smoke demon hits you but does no damage.
The smoke demon hits you.
* * * LOW HITPOINT WARNING * * *
You closely miss the smoke demon.
The smoke demon is moderately wounded.
The smoke demon hits you but does no damage. x2
The smoke demon hits you.
* * * LOW HITPOINT WARNING * * *
You completely miss the smoke demon.
The smoke demon is moderately wounded.
The smoke demon hits you but does no damage.
The smoke demon hits you.
* * * LOW HITPOINT WARNING * * *
The smoke demon barely misses you.
You hit the smoke demon but do no damage.
The smoke demon is moderately wounded.
The smoke demon hits you.
You die...

### .?# #..
#.. #.# #
#.#
....###'####
#.#..3@...#
##..#...###
#........
...#..#+#.##
.. ##. .. .
## .#. ...#
# ....


You could see a smoke demon.

Vanquished Creatures
  An ice beast (D:5)
  A scorpion (D:4)
  A crimson imp (D:5)
  2 orc priests (D:3)
  An orc wizard (D:4)
  A hound skeleton (D:4)
  5 adders
  A shadow imp (D:5)
  2 oozes (D:2)
  A dart slug (D:2)
  2 leopard geckos (D:1)
  15 orcs
  A ball python (D:4)
  4 giant cockroaches
  3 hobgoblins
  8 jackals
  A quokka (D:4)
  7 bats
  2 frilled lizards
  2 goblins
  9 kobolds
  6 rats
76 creatures vanquished.

Notes
Turn   | Place    | Note
-------+----------+-------------------------------------------
     0 | D:1      | Freyura the Demonspawn Gladiator began the quest for the
                  | Orb.
     0 | D:1      | Reached XP level 1. HP: 16/16 MP: 1/1
   121 | D:1      | Reached skill level 3 in Axes
   128 | D:1      | Gained mutation: You have large cloven feet. [demonic
                  | ancestry]
   128 | D:1      | Reached XP level 2. HP: 17/22 MP: 2/2
   770 | D:2      | Gained mutation: You are partially covered in rugged brown
                  | scales. (AC +1, +3% HP) [demonic ancestry]
   770 | D:2      | Reached XP level 3. HP: 22/27 MP: 3/3
  1035 | D:2      | Reached skill level 4 in Axes
  1035 | D:2      | Reached XP level 4. HP: 33/33 MP: 4/4
  1643 | D:3      | Reached XP level 5. HP: 30/39 MP: 5/5
  2033 | D:4      | Reached skill level 5 in Axes
  2339 | D:4      | Reached skill level 1 in Armour
  2679 | D:4      | Gained mutation: You are mostly covered in rugged brown
                  | scales. (AC +2, +5% HP) [demonic ancestry]
  2679 | D:4      | Reached XP level 6. HP: 20/47 MP: 6/6
  3326 | D:5      | Entered Level 5 of the Dungeon
  3326 | D:5      | Noticed an ice beast
  3346 | D:5      | Killed an ice beast
  3617 | D:5      | Found a shimmering altar of Xom.
  3633 | D:5      | Reached skill level 6 in Axes
  3644 | D:5      | Cast into level 1 of the Abyss (crimson imp)
  3686 | Abyss:1  | Noticed a smoke demon
  3696 | Abyss:1  | HP: 2/48 [smoke demon (2)]
  3698 | Abyss:1  | Slain by a smoke demon

Skill      XL: |  1  2  3  4  5  6 |
---------------+-------------------+-----
Axes           | 3 4 5 6 |  6.0
Dodging        | 3 |  3.3
Armour         | 1 |  1.7
Fighting       | |  2.5
Throwing       | |  1.7

Action                   |  1- 3 |  4- 6 || total
-------------------------+-------+-------++-------
Melee: War axe           |    93 |   127 ||   220
       Kick              |    14 |    11 ||    25
  Use: Scroll            |     3 |     3 ||     6
       Potion            |     1 |       ||     1
  Eat: Chunk             |       |     8 ||     8
Armor: Leather armour    |    49 |     8 ||    57
       Scale mail        |       |    59 ||    59
Dodge: Dodged            |    86 |    74 ||   160
